[Event "Frauenbundesliga 2021-22"]
[Site "Germany"]
[Date "2022.05.27"]
[Round "4.4"]
[White "Roebers, Eline"]
[Black "Savina, Anastasia"]
[Result "0-1"]
[ECO "B32"]
[WhiteElo "2369"]
[BlackElo "2348"]
[Annotator "TA"]
[PlyCount "96"]
[EventDate "2021.11.26"]
[EventType "team-tourn"]
[EventCountry "GER"]
[SourceTitle "playchess.com"]
[Source "ChessBase"]
[SourceQuality "1"]
[WhiteTeam "Hamburger SK"]
[BlackTeam "Bad Koenigshofen"]
[TimeControl "40/5400+30:1800+30"]

1. e4 c5 2. Nf3 Nc6 3. d4 cxd4 4. Nxd4 e5 5. Nb5 d6 6. N1c3 a6 7. Na3 b5 8. Nd5 Nge7 9. Bg5 h6 {[%emt 0:04:48] 9...f6 might become the main line.} 10. Bxb5 {[%emt 0:00:47] B32: Sicilian: Löwenthal and Kalashnikov Variations.} hxg5 11. Nxe7 {[%emt 0:00:51][%mdl 64] Pin} axb5 12. Nxc6 {[%emt 0:00:10] The position is equal.} Qd7 {[%emt 0:00:13] aiming for ...Rh4.} 13. Nb4 $1 {[%emt 0:02:27] Black must now prevent Nd5. Pair of Knights!} ({Wrong is} 13. Qd5 $2 Bb7 14. Nxe5 dxe5 15. Qxe5+ Be7 $19) 13... Ra4 14. c3 d5 $1 15. Qxd5 (15. Qd2 {seems wilder.} Bxb4 16. cxb4 dxe4 17. Qxg5 O-O 18. Qxe5 Rxb4 19. Rd1) 15... Qxd5 16. exd5 Bxb4 17. cxb4 Rxb4 18. O-O-O Kd7 19. h3 Kd6 {[%emt 0:00:50] [#]} 20. f3 $146 ({Predecessor:} 20. b3 Bd7 21. Nc2 Re4 22. Ne3 f5 23. Rhe1 g6 24. Kb2 Reh4 25. f3 Re8 26. Nc2 {½-½ (51) Neiksans,A (2478)-Nun,J (2396) Pardubice 2009}) 20... Bf5 {[%emt 0:05:30][%mdl 1024] Black has compensation.} 21. b3 Rc8+ 22. Kb2 Rc5 23. Rd2 Rd4 24. Rhd1 Rcxd5 25. Rxd4 exd4 26. Nc2 Bxc2 27. Kxc2 $15 {[%emt 0:00:12][%mdl 4096] Endgame KR-KR} b4 28. Kb2 (28. Kd3 $11 {remains equal.}) 28... d3 ({Better is} 28... Ke5 $1 $17 {And now ...d3 would win.} 29. Kc2 Ra5) 29. Kc1 $1 $11 f5 30. Kd2 Ke5 31. g3 (31. Rc1 $11) 31... Ra5 $2 (31... Rc5 $1 $19 {Hoping for ...Kd4.} 32. Kxd3 Rd5+ 33. Ke2 Rxd1 34. Kxd1 Kd4) 32. Ke3 {[%emt 0:01:36] White does not recover from this.} ({White has to play} 32. Rc1 $1 $15) 32... f4+ $1 $19 33. gxf4+ gxf4+ 34. Kxd3 Rd5+ $1 35. Ke2 {[%emt 0:00:10] [#]} Rxd1 36. Kxd1 {[%emt 0:00:01] [#] KP-KP} Kd4 $1 37. Kc2 g6 ({Inferior is} 37... Ke3 38. a4 bxa3 39. b4 $19) 38. h4 Ke3 39. a4 bxa3 40. b4 Kxf3 {[%emt 0:00:33] K3P-KPP} 41. b5 {[%emt 0:30:05] White wants to mate with b6.} Kg2 42. b6 f3 43. b7 f2 44. b8=Q {[%emt 0:00:00] White threatens Qb7+ and mate.} f1=Q {[%emt 0:00:06] ( -> ...a2)} 45. Qe8 Qc4+ {[%emt 0:05:04] Black mates.} 46. Kd2 Qd4+ 47. Kc2 a2 48. Qxg6+ Kh2 {[%emt 0:00:47] Weighted Error Value: White=0.51/Black=0.15 (very precise)} 0-1

[Event "Frauenbundesliga 2021-22"]
[Site "Germany"]
[Date "2022.05.27"]
[Round "4.5"]
[White "Obolentseva, Alexandra"]
[Black "Papp, Sarah"]
[Result "1-0"]
[ECO "E11"]
[WhiteElo "2305"]
[BlackElo "2305"]
[Annotator "TA"]
[PlyCount "103"]
[EventDate "2021.11.26"]
[EventType "team-tourn"]
[EventCountry "GER"]
[SourceTitle "playchess.com"]
[Source "ChessBase"]
[SourceQuality "1"]
[WhiteTeam "Bad Koenigshofen"]
[BlackTeam "Hamburger SK"]
[TimeControl "40/5400+30:1800+30"]

1. d4 Nf6 2. c4 e6 3. g3 d5 4. Bg2 Bb4+ 5. Bd2 Be7 6. Nf3 O-O 7. O-O Nbd7 8. Qc2 c6 9. Rd1 Ne4 10. Be1 {[%emt 0:02:31] E11: Bogo-Indian.} a5 11. Nfd2 f5 12. Nxe4 {[%emt 0:10:22] The position is equal.} fxe4 {[%emt 0:02:05] [#]} 13. f3 $146 ({Predecessor:} 13. Nc3 Bf6 14. f3 exf3 15. Bxf3 Nb6 16. c5 Nc4 17. Bf2 Bg5 18. Na4 e5 19. dxe5 Nxe5 {0-1 (71) Socko,M (2490)-Jussupow,E (2162) Germany 2012}) 13... Qe8 14. fxe4 Qg6 (14... dxe4 $11 {deserves consideration.} 15. Bc3 (15. Qxe4 e5 $11) 15... e5) 15. Nd2 $14 Nf6 16. Qd3 Qh6 17. e5 (17. h3 $14) 17... Ng4 $11 18. h3 Ne3 19. Rdc1 Bd7 ({Black should play} 19... Nxg2 $11 20. Kxg2 b6) 20. Bf2 (20. c5 $14) 20... Rxf2 21. Kxf2 $14 Rf8+ 22. Nf3 Nxc4 23. b3 ({White should try} 23. Rxc4 $11 dxc4 24. Qxc4) 23... Nd2 $1 $15 {[%emt 0:01:17] ...Ne4+ is the strong threat.} 24. Kg1 Ne4 25. Nh2 {[%emt 0:00:58] [#]} (25. Kh2 $15) 25... Nf2 $1 $19 26. Ng4 Nxg4 ({Better is} 26... Qxc1+ $1 $19 27. Rxc1 Nxd3 28. exd3 Be8) 27. hxg4 $11 Bg5 28. Rc3 Bd2 29. Rf1 Bxc3 30. Rxf8+ Kxf8 31. Qxc3 {[%emt 0:00:04][%mdl 4096] Endgame KQB-KQB} b6 32. Kf2 Qg6 33. Bf3 Qb1 34. Qd2 Be8 35. Qf4+ Bf7 36. Qg5 Qxa2 37. Qd8+ Be8 38. Qxb6 Qa3 39. Qc7 Qb4 40. Qa7 h6 41. Kg2 Kg8 (41... Qxb3 $11 42. Qc5+ Kg8) 42. Qa8 Kf8 43. g5 $1 {[%emt 0:00:00] aiming for Bh5.} hxg5 $2 {[%emt 0:04:57][%mdl 8192] [#]} (43... Qxd4 $2 44. gxh6 Qxe5 45. h7 $18) (43... Ke7 $14) 44. Bh5 $1 {[%emt 0:00:00][%csl Gh5][%cal Ra8e8] White mates.} Qe7 45. Kh3 Qd7 46. Kg4 Ke7 47. Bxe8 Qxe8 48. Qxe8+ Kxe8 49. Kxg5 Kf7 50. g4 Kf8 51. Kg6 Kg8 52. g5 {[%emt 0:00:00] Quite a comeback for White.  Weighted Error Value: White=0.17 (very precise) /Black=0.27 (precise)} 1-0

[Event "Frauenbundesliga 2021-22"]
[Site "Germany"]
[Date "2022.05.27"]
[Round "4.6"]
[White "Genova, Lyubka"]
[Black "Schoene, Maria"]
[Result "1/2-1/2"]
[ECO "B20"]
[WhiteElo "2225"]
[BlackElo "2222"]
[Annotator "TA"]
[PlyCount "96"]
[EventDate "2021.11.26"]
[EventType "team-tourn"]
[EventCountry "GER"]
[SourceTitle "playchess.com"]
[Source "ChessBase"]
[SourceQuality "1"]
[WhiteTeam "Hamburger SK"]
[BlackTeam "Bad Koenigshofen"]
[TimeControl "40/5400+30:1800+30"]

1. e4 c5 2. b3 Nc6 3. Bb2 d6 4. Bb5 Bd7 5. f4 Nf6 6. Bxc6 {[%emt 0:02:27] B20: Sicilian: Unusual White 2nd moves.} Bxc6 7. d3 e6 8. Nf3 Be7 9. O-O O-O 10. Nbd2 b5 11. Qe2 a5 {[%emt 0:04:18] [#]} 12. c4 $146 ({Predecessor:} 12. Ng5 h6 13. Nh3 a4 14. Rab1 axb3 15. axb3 Ra2 16. f5 e5 17. Kh1 {0-1 (38) Oros,R (2236)-Zajarnyi,A (2304) Mukachevo 2012}) 12... a4 13. Rab1 axb3 14. axb3 Ra2 15. e5 Nd7 16. Ne4 Bxe4 17. Qxe4 {[%emt 0:00:41] And now exd6 would win.} Qa8 (17... dxe5 $11 18. Nxe5 Nxe5 19. Bxe5 b4) 18. exd6 $1 $14 Bxd6 19. Qe3 (19. Ng5 $1 $14 g6 20. Qe3 (20. cxb5 Nb6 $14)) 19... Re8 20. Ng5 h6 (20... bxc4 $11 {keeps the balance.} 21. dxc4 (21. Qh3 Nf8 $15) (21. Ne4 c3 $11) 21... Nf6) 21. Ne4 $16 Be7 22. Qg3 {[%emt 0:02:19][%csl Gb2][%cal Rg3g7] White is more active.} Rxb2 23. Rxb2 $18 f5 24. Nd2 ({Stronger than} 24. Qg6 Nf8 25. Qh5 fxe4 26. dxe4 bxc4 27. bxc4 Rd8 $15) (24. Nc3 $1 $18 {is more deadly.}) 24... Bf6 $16 25. Rbb1 b4 26. Nf3 Bc3 27. Kh1 Nf6 28. Ne5 Qb8 29. Ng6 (29. Rf3 $16) 29... Qd6 (29... Kf7 $11 30. Ne5+ Kg8) 30. h3 (30. Rf2 $14 {is superior.}) 30... Ra8 (30... Kh7 $11 31. Ne5 g5) 31. Qf3 ({Don't take} 31. Ne5 Ra2 $14) (31. Rf2 $1 $16) 31... Ra7 32. Qe2 Kh7 {[%emt 0:01:27] [#]} (32... Qc6 $14) 33. Ne5 $2 ({White must play} 33. Qxe6 $1 $18 Rd7 34. Qxf5 Qxd3 35. Qxd3 Rxd3 36. Ne5) 33... g6 (33... g5 $11 {should be considered.}) 34. g4 Nd7 {[%emt 0:01:37] [#]} (34... Re7 $14) 35. Nxd7 $1 Rxd7 36. Rbd1 Re7 37. Qf3 Ra7 (37... Rf7 $142) 38. Rf2 Rf7 39. g5 (39. Rdf1 $18) 39... hxg5 40. fxg5 Ra7 41. h4 Kg8 42. Kg2 Qd8 43. Kf1 ({Better is} 43. Re2 $16 Kf7 44. Qc6) 43... Qa8 (43... Kf7 $11) 44. Qxa8+ $14 Rxa8 45. Kg2 Kf7 46. Rh1 Ra3 47. Rb1 Ra8 48. Rh1 ({White should play} 48. Kh3 $16) 48... Ra3 $1 {[%emt 0:00:31] Weighted Error Value: White=0.29 (precise) /Black=0.30} 1/2-1/2

[Event "Frauenbundesliga 2021-22"]
[Site "Germany"]
[Date "2022.05.27"]
[Round "4.7"]
[White "Kashlinskaya, Alina"]
[Black "Unuk, Laura"]
[Result "1-0"]
[ECO "E48"]
[WhiteElo "2498"]
[BlackElo "2338"]
[Annotator "TA"]
[PlyCount "73"]
[EventDate "2021.11.26"]
[EventType "team-tourn"]
[EventCountry "GER"]
[SourceTitle "playchess.com"]
[Source "ChessBase"]
[SourceQuality "1"]
[WhiteTeam "Schwaebisch Hall"]
[BlackTeam "Harksheide"]
[TimeControl "40/5400+30:1800+30"]

1. d4 Nf6 2. c4 e6 3. Nc3 Bb4 4. e3 O-O 5. Bd3 c5 6. Nge2 d5 7. cxd5 cxd4 8. exd4 Nxd5 9. a3 Be7 10. O-O Nc6 11. Nxd5 $1 {[%emt 0:18:32][%mdl 4] outshines the older 11.Bc2.} Qxd5 12. Be3 {[%emt 0:00:58] E48: Nimzo-Indian: Rubinstein: 5 Bd3 d5 including 6 Ne2, but excluding 6 a3.} (12. Qc2 $5 ) 12... Rd8 13. Qc2 g6 14. Be4 {[%emt 0:01:23] [#] White is slightly better.} Qb5 $146 ({Predecessor:} 14... Qd7 15. Rfd1 Qe8 16. Rac1 Bd7 17. b4 Rac8 18. Qb2 Bf6 19. Bf4 b6 20. b5 Na5 {0-1 (36) Fraczek,L (1908)-Pipala,J (1977) Pszczyna 2009}) 15. Rad1 Bf6 16. Nc3 Qh5 17. d5 $36 {[%emt 0:07:57][%mdl 2048] White has strong initiative.} Ne7 (17... Ne5 $142) 18. dxe6 $16 {[%emt 0:01:23] White is more active.} Bxe6 19. Bxb7 {[%emt 0:02:17] Ne4 is the strong threat.} Rxd1 (19... Rab8 $142) 20. Rxd1 $18 ({Weaker is} 20. Nxd1 Rb8 21. Be4 (21. Bf3 Qa5 $14) 21... Qa5 $14) (20. Qxd1 Qxd1 21. Rxd1 Rb8 $14) 20... Rb8 21. Ne4 ({But not} 21. Bf3 Bg4) 21... Bxb2 {[%emt 0:07:24] [#]} (21... Bh4 $142) 22. Bg5 $2 (22. Rd2 $1 $18 Be5 23. f4) 22... Nf5 $2 23. Bf6 Nd4 24. Rxd4 {[%emt 0:06:31] White wants to mate with Qc7.} Bxd4 25. Bxd4 {[%emt 0:00:05] Threatening mate with Nf6+.} Qa5 26. Bc3 {[%emt 0:01:02] Inhibits Qe1+.} ({Don't take} 26. Nf6+ Kf8 27. Bc3 Qd8 28. Nxh7+ Kg8 $18) 26... Qxa3 (26... Qd8 $142 27. Nf6+ Kf8 28. Nxh7+ Kg8) 27. Nf6+ Kf8 28. Nxh7+ Kg8 (28... Ke8 $142 29. Bc6+ Bd7) 29. Nf6+ Kf8 {[%emt 0:00:36] [#]} 30. Qd2 $1 {[%emt 0:00:48] Strongly threatening Bb4+.} a5 {[%emt 0:00:21] [#] Against Bb4+} (30... Qb3 31. h3) 31. h4 $1 Ke7 {[%emt 0:01:12] [#]} (31... Qc5 32. h5) 32. Ne4 $1 {[%emt 0:02:12] Bf6+ would kill now.} Bf5 (32... f5 33. Bd4) 33. Bf6+ {[%emt 0:00:46] White mates.} Kf8 34. Qh6+ Ke8 35. Bc6+ Bd7 36. Qh8+ Qf8 37. Nd6# {[%emt 0:00:03] Black did not feel at home in the position after the opening.  Weighted Error Value: White=0.18 (very precise) /Black=0.99} 1-0

[Event "Frauenbundesliga 2021-22"]
[Site "Germany"]
[Date "2022.05.27"]
[Round "4.9"]
[White "Arabidze, Meri"]
[Black "Radikovic, Anamarija"]
[Result "1-0"]
[ECO "A07"]
[WhiteElo "2436"]
[BlackElo "2133"]
[Annotator "TA"]
[PlyCount "67"]
[EventDate "2021.11.26"]
[EventType "team-tourn"]
[EventCountry "GER"]
[SourceTitle "playchess.com"]
[Source "ChessBase"]
[SourceQuality "1"]
[WhiteTeam "Schwaebisch Hall"]
[BlackTeam "Harksheide"]
[TimeControl "40/5400+30:1800+30"]

1. Nf3 d5 2. g3 Nf6 3. Bg2 Bg4 4. O-O Nbd7 5. d3 c6 6. Nbd2 e5 7. e4 Bc5 {[%emt 0:07:21] A07: Réti Opening: New York and Capablanca Systems.} 8. h3 Bxf3 9. Bxf3 dxe4 {[%emt 0:07:13] The position is equal.} 10. dxe4 O-O 11. Nc4 Qc7 12. Qe2 Rfd8 13. c3 Nf8 {[%emt 0:02:27] [#]} 14. b4 $146 ({Predecessor:} 14. Bg5 Be7 15. Bxf6 Bxf6 16. Bg4 Nd7 17. Rfd1 Nb6 18. Ne3 g6 19. h4 Rxd1+ 20. Rxd1 {½-½ (35) Choisy,M (2150)-Martsynovskaya,M (2156) Nancy 2013}) 14... Be7 15. a4 Qd7 16. Kg2 (16. Nxe5 {feels hotter.} Qxh3 17. Ng4 h5 18. Nxf6+ Bxf6 19. e5) 16... Qd3 (16... Qc7 $14) 17. Qxd3 (17. Nxe5 Qxe2 18. Bxe2 Nxe4 $11) (17. Qa2 $18 Qd7 18. Nxe5) 17... Rxd3 $16 18. Bb2 ({Don't play} 18. Nxe5 Rxc3 19. b5 cxb5 $11) 18... Ng6 19. Na5 c5 20. b5 ({But not} 20. Nxb7 $6 cxb4 21. Rfd1 Rxd1 22. Rxd1 h6 $14) 20... Rd7 21. Nc4 Rad8 22. Bc1 Rd3 23. Ra3 Ne8 24. Be2 R3d7 25. Be3 Nc7 $2 {[%emt 0:09:52] [#]} (25... Nd6 $16 {keeps fighting.}) 26. Ra2 (26. b6 $18) 26... b6 27. h4 {[%emt 0:04:44] Strongly threatening h5.} f6 (27... Bf6 $142 28. a5 Nxb5) 28. Rb1 $18 Ra8 $2 (28... Ne8 {might work better.} 29. a5 Rb8) 29. a5 {[%emt 0:01:45] White is clearly winning.} Rdd8 30. axb6 axb6 {[%emt 0:00:08] [#]} 31. Nxb6 $1 Rxa2 (31... Nxh4+ $2 32. gxh4 Rab8 33. Na4) 32. Bc4+ Kh8 {[%emt 0:00:05] ...Ra3 is the strong threat.} 33. Bxa2 Rb8 34. Nd5 {[%emt 0:00:18] Weighted Error Value: White=0.14 (very precise) /Black=0.39} 1-0

[Event "Frauenbundesliga 2021-22"]
[Site "Germany"]
[Date "2022.05.27"]
[Round "4.10"]
[White "Adamowicz, Katarzyna"]
[Black "Atalik, Ekaterina"]
[Result "0-1"]
[ECO "C77"]
[WhiteElo "2108"]
[BlackElo "2414"]
[Annotator "TA"]
[PlyCount "118"]
[EventDate "2021.11.26"]
[EventType "team-tourn"]
[EventCountry "GER"]
[SourceTitle "playchess.com"]
[Source "ChessBase"]
[SourceQuality "1"]
[WhiteTeam "Harksheide"]
[BlackTeam "Schwaebisch Hall"]
[TimeControl "40/5400+30:1800+30"]

1. e4 e5 2. Nf3 Nc6 3. Bb5 a6 4. Ba4 Nf6 5. d3 d6 6. c3 Be7 7. O-O {[%emt 0:04:45] 7.0-0 is better than 7.Nbd2.} O-O 8. Nbd2 Re8 9. Re1 {[%emt 0:02:04] C77: Ruy Lopez: 3...a6 4 Ba4 Nf6, unusual lines.} Bf8 10. Nf1 g6 11. h3 {[%emt 0:00:38] White is slightly better.} Bg7 12. Bg5 {[%emt 0:14:03] [#]} h6 $146 ({Predecessor:} 12... b5 13. Bb3 Na5 14. Bc2 c5 15. a4 Rb8 16. Ne3 b4 17. cxb4 Rxb4 18. b3 Be6 {1-0 (67) Szukalski,A (1846)-Chomczyk,M (1727) Warsaw 2011}) 13. Bh4 g5 14. Bg3 Bd7 15. Ne3 b5 16. Bb3 Ne7 17. Nh2 (17. h4 $16) 17... Ng6 18. Nhg4 Nf4 19. Bxf4 (19. a4 $14) 19... exf4 $11 20. Nxf6+ Qxf6 21. Nd5 Qd8 {[%emt 0:00:38] Hoping for ...c6.} 22. Qh5 Be6 {[%emt 0:09:22] Strongly threatening ...a5.} 23. Nb4 $1 a5 24. Nc6 Qd7 25. Nd4 (25. Bd5 $14) 25... Bxb3 26. axb3 Bxd4 27. cxd4 Kg7 28. d5 Qe7 (28... c6 $11) 29. Rec1 Ra7 30. Qg4 Rf8 31. Qf5 Qf6 32. Qd7 f3 (32... Qxb2 $11 33. Qxb5 Rfa8) 33. Qxb5 (33. Rc2 $14) 33... fxg2 34. Kxg2 Qxb2 35. Qc4 Rb8 36. Rab1 Qf6 37. Re1 Rb4 38. Qc6 Rab7 39. Re3 a4 40. Rf3 Qe7 41. Ra1 (41. Qc3+ Kh7 42. Qc6 Kg8 $17) 41... Rxb3 (41... axb3 $11 42. Ra8 R7b6) 42. Rxa4 $14 R3b6 43. Qc4 Rb1 44. Rf5 g4 $2 {[%emt 0:03:02] [#]} (44... f6 $14) 45. Qd4+ (45. e5 $1 $18 gxh3+ 46. Kh2 dxe5 47. Qg4+ Kh8 48. Qh5) 45... Kh7 $16 46. hxg4 {[%emt 0:00:33] Black must now prevent Rh5.} ({Don't play} 46. Ra8 Rb8 47. Rxb8 gxh3+ 48. Kxh3 Rxb8 $16) 46... Rb8 (46... c5 $16 47. Qf6 (47. dxc6 Qh4 $11) 47... Qxf6 48. Rxf6 R1b6) 47. Qe3 $2 (47. Rh5 $18) 47... Qh4 $11 48. e5 $2 ({Avoid the trap} 48. Rxf7+ $2 Kg8 49. Qf3 Rh1 50. Rf8+ Rxf8 $19) (48. Qe2 $11) 48... Qh1+ $19 49. Kg3 Rg1+ 50. Kf4 Qh2+ {[%emt 0:02:04][%mdl 64] Deflection} 51. Ke4 Rxg4+ 52. f4 dxe5 53. Rxe5 Rg3 54. Qe1 Rb2 {[%emt 0:00:41] ( -> ...Re2+)} 55. Kd4 {[%emt 0:00:00] [#]} Rxd3+ $3 56. Kxd3 (56. Kc5 Qc2+) 56... Qc2+ {[%emt 0:00:10] Black mates.} 57. Ke3 Rb3+ 58. Kd4 Rd3+ {[%emt 0:00:19][%mdl 64] Discovered Attack} 59. Ke4 Rc3+ {[%emt 0:00:47] Weighted Error Value: White=0.53/Black=0.19 (very precise)} 0-1

[Event "Frauenbundesliga 2021-22"]
[Site "Germany"]
[Date "2022.05.27"]
[Round "4.11"]
[White "Daulyte-Cornette, Deimante"]
[Black "Brandt, Carina"]
[Result "1-0"]
[ECO "C02"]
[WhiteElo "2372"]
[BlackElo "2061"]
[Annotator "TA"]
[PlyCount "89"]
[EventDate "2021.11.26"]
[EventType "team-tourn"]
[EventCountry "GER"]
[SourceTitle "playchess.com"]
[Source "ChessBase"]
[SourceQuality "1"]
[WhiteTeam "Schwaebisch Hall"]
[BlackTeam "Harksheide"]
[TimeControl "40/5400+30:1800+30"]

1. e4 e6 2. d4 d5 3. e5 c5 4. c3 Nc6 5. Nf3 Bd7 6. Be2 Nge7 7. Na3 a6 {[%emt 0:01:08] C02: French: Advance Variation.} 8. Nc2 Rc8 9. h4 cxd4 {[%emt 0:02:51] The position is equal.} 10. cxd4 Na5 11. b3 {[%emt 0:05:23] Inhibits Ba4.} Qc7 12. Ne3 {[%emt 0:01:00] [#]} Bb5 $146 (12... Nf5 $11) ({Predecessor:} 12... Nec6 13. O-O Be7 14. Bd2 O-O 15. Bd3 f5 16. exf6 Bxf6 17. Rc1 Qd8 18. b4 Nc4 19. Nxc4 dxc4 20. Rxc4 {1-0 (37) Sveshnikov,E (2525)-Saether,O Gausdal 1992}) 13. Bxb5+ $16 axb5 14. O-O Nec6 15. Qd3 Qb6 16. Bd2 Be7 17. Nc2 b4 18. Rac1 Na7 19. h5 h6 20. Nfe1 N5c6 ({Better is} 20... O-O $11) 21. Qg3 $1 $14 Bf8 22. Nd3 Ra8 23. Be3 {[%emt 0:03:22] White is more active.} ({White should play} 23. Qg4 $16) 23... Nb5 $11 24. f4 Nc3 $1 {[%emt 0:04:10] Threatens to win with ...Ne2+.} (24... Rxa2 25. Ncxb4 Ra8 26. Nxc6 bxc6 27. f5 $18) 25. Qf3 {[%emt 0:03:47] Inhibits Ne2+.} Rxa2 26. f5 exf5 27. Qxf5 $40 {[%emt 0:00:38][%mdl 128] White attacks.} Ne2+ 28. Kh2 Nd8 29. Rce1 Rxc2 $17 30. Nc5 {[%emt 0:00:19][%mdl 8192] [#] Prevents Qe6.} (30. Qf2 $17 {nothing else works.}) 30... Rxc5 $2 (30... Bxc5 $1 $19 {has better winning chances.} 31. Qxc2 Nxd4 32. Bxd4 Bxd4) 31. dxc5 Qb5 {[%emt 0:01:12] ...d4 is the strong threat.} 32. e6 fxe6 33. Qg4 Nc3 34. Bd4 {[%emt 0:00:11] [#]} Kd7 (34... Be7 $1 $17 {keeps the pressure on. Hoping for ...Rf8.} 35. Qxg7 Rf8 36. Qg6+ Kd7 37. Rxf8 Bxf8 38. Qh7+ Ke8) 35. Bxg7 $18 {[%emt 0:00:59] Chess con chili.} Rg8 (35... Bxc5 36. Bxh8 Bd6+ 37. Kg1 Ne4) 36. Rxf8 Rxf8 37. Bxf8 Ne4 {[%emt 0:00:32] Inhibits Bd6.} 38. Qg7+ Kc6 39. Qxh6 Qd3 40. Qe3 Qc2 (40... Qxe3 $142 41. Rxe3 Nf7) 41. Rf1 Qb2 42. h6 Qe5+ 43. Qf4 Qh5+ 44. Kg1 {[%emt 0:00:09] Qb8 would kill now.} Qg6 45. Qb8 {[%emt 0:03:34] Never resign too early!  Weighted Error Value: White=0.64/Black=0.75} 1-0

[Event "Frauenbundesliga 2021-22"]
[Site "Germany"]
[Date "2022.05.27"]
[Round "4.12"]
[White "Rosmait, Emily"]
[Black "Bulmaga, Irina"]
[Result "0-1"]
[ECO "C60"]
[WhiteElo "1896"]
[BlackElo "2397"]
[Annotator "TA"]
[PlyCount "140"]
[EventDate "2021.11.26"]
[EventType "team-tourn"]
[EventCountry "GER"]
[SourceTitle "playchess.com"]
[Source "ChessBase"]
[SourceQuality "1"]
[WhiteTeam "Harksheide"]
[BlackTeam "Schwaebisch Hall"]
[TimeControl "40/5400+30:1800+30"]

1. e4 e5 2. Nf3 Nc6 3. Bb5 g6 4. O-O Bg7 5. c3 a6 6. Ba4 d6 7. h3 b5 8. Bc2 Nf6 9. Re1 {[%emt 0:01:18] C60: Ruy Lopez: Unusual Black 3rd moves and 3...g6.} O-O 10. d3 Re8 11. Nbd2 {[%emt 0:00:56][%cal Bb1d2,Bd2f1,Bf1e3,Be3g4][%mdl 32] White is slightly better.} h6 12. Nf1 d5 13. a4 {[%emt 0:11:55] [#] Black should prevent axb5.} Rb8 $146 ({Predecessor:} 13... Be6 14. Ng3 b4 15. a5 dxe4 16. Nxe4 Nxe4 17. dxe4 Qxd1 18. Bxd1 bxc3 19. bxc3 Red8 {1-0 (38) Carlsen,M (2847)-Muzychuk,A (2535) chess24.com INT 2021}) 14. axb5 axb5 15. exd5 (15. Ng3 $14 {feels stronger.}) 15... Nxd5 $11 16. Ne3 Nf4 17. Ng4 h5 18. Ngh2 Nd5 19. Bg5 (19. Ng5 {looks sharper.} b4 20. Bd2 Bf5 21. Nhf3) 19... f6 (19... Qd7 $11) 20. Be3 ({Better is} 20. Bd2 $14) 20... Nxe3 21. fxe3 Be6 22. Ra6 Qd7 23. d4 Bf7 24. e4 exd4 25. Nxd4 Ne5 26. Nhf3 Rbd8 27. Qa1 Nxf3+ 28. Nxf3 Qe7 (28... c6 $11 {remains equal.}) 29. Ra7 $2 (29. e5 $1 $16 {[%cal Re5e6] keeps the pressure on. Strongly threatening e6.} fxe5 30. Bxg6) 29... Qc5+ $17 30. Kh1 Qf2 $36 {[%emt 0:01:10][%mdl 2048] Black is pushing. Black is more active.} 31. Nd4 {[%emt 0:02:30][%mdl 8192] Loses the game.} ({White has to play} 31. Bb1 $1 $15) 31... Rxd4 $19 32. cxd4 Qxc2 33. Ra8 Qc6 34. Rxe8+ Qxe8 (34... Bxe8 $2 {loses.} 35. Qc1 $19) 35. Qc1 Qd7 36. Rd1 Bb3 37. Rd3 Bc4 38. Rd1 Kh7 39. Qf4 c6 40. Qf3 f5 41. exf5 Qxf5 42. Qe3 Bd5 43. Kg1 Qe4 44. Qf2 {[%emt 0:02:44] [#]} Bf6 $1 45. Rd2 Bh4 46. Qe2 Qxe2 47. Rxe2 Bf6 48. Rd2 Bc4 49. Kf2 Bg5 50. Rd1 Kg7 51. Ra1 Kf6 52. g4 $2 (52. Re1) 52... hxg4 53. hxg4 Ke6 54. Re1+ Kd6 55. Kf3 Bd5+ 56. Kg3 Bf6 57. Rd1 Bb3 58. Rd2 g5 59. Kf3 Be6 60. Ke4 Bxg4 61. Rh2 Ke6 {[%emt 0:00:36] [#] White must now prevent ...Bd1.} 62. Rh6 Bf5+ 63. Ke3 Kf7 64. Rh1 Be6 {[%emt 0:00:10] aiming for ...Kg6.} 65. Rh7+ Bg7 66. Rh1 Kg6 67. Ra1 Bd5 {[%emt 0:00:16] ...g4 is the strong threat.} 68. Ra7 g4 69. Re7 g3 {[%emt 0:00:11] ( -> ...g2)} 70. Ke2 g2 {[%emt 0:00:09] Weighted Error Value: White=0.43/Black=0.14 (very precise)} 0-1